 Dungeon Crawl Stone Soup version 0.18.1-8-gdd0e5ea (webtiles) character file.

155 deorigin the Chiller (level 5, 35/35 HPs)
             Began as a Demonspawn Ice Elementalist on June 5, 2016.
             Quit the game on level 3 of the Dungeon.
             The game lasted 00:08:10 (3882 turns).

deorigin the Chiller (Demonspawn Ice Elementalist)  Turns: 3882, Time: 00:08:10

Health: 35/35      AC:  2    Str:  8    XL:     5   Next: 14%
Magic:  8/8        EV: 14    Int: 17    God:
Gold:   91         SH:  0    Dex: 14    Spells: 3 memorised, 2 levels left

rFire  . . .     SeeInvis .     e - +0 short sword (curse)
rCold  . . .     Gourm    .     a - +0 robe
rNeg   . . .     Faith    .     (no shield)
rPois  .         Spirit   .     (helmet restricted)
rElec  .         Dismiss  .     (no cloak)
rCorr  .         Reflect  .     (no gloves)
SustAt .         Harm     .     (no boots)
MR     .....                    (no amulet)
Stlth  ++........               (no ring)
                                k - ring of flight

@: not resistant to hostile enchantments, unstealthy
A: antennae 1, repulsion field 1
a: Evoke Flight


You were on level 3 of the Dungeon.
You were not hungry.

You visited 1 branch of the dungeon, and saw 4 of its levels.

You collected 91 gold pieces.

Inventory:

Hand Weapons
 d - a +0 club
 e - a cursed +0 short sword (weapon)
 p - a +0 flail
 r - a +0 quarterstaff
Armour
 a - a +0 robe (worn)
 m - a +0 ring mail
 q - a +0 leather armour
 s - a +0 ring mail
Jewellery
 k - a ring of flight (left hand)
Scrolls
 i - a scroll of enchant weapon
 j - 2 scrolls of identify
 l - a scroll of teleportation {unknown}
Potions
 f - a potion of heal wounds
 g - a potion of brilliance {unknown}
 n - a potion of degeneration
 o - 2 potions of curing {unknown}
Books
 b - a book of Frost

   Spells                             Type                      Level
   a - Freeze                         Ice                          1
   b - Throw Frost                    Conjuration/Ice              2
   c - Ozocubu's Armour               Charms/Ice                   3
   d - Throw Icicle                   Conjuration/Ice              4
   e - Summon Ice Beast               Ice/Summoning                4
Comestibles
 c - a bread ration
 h - 3 fruits
 t - 4 chunks of flesh


   Skills:
 - Level 2.0 Dodging
 - Level 1.8 Stealth
 - Level 2.3 Spellcasting
 - Level 1.0 Conjurations
 - Level 3.0 Charms
 + Level 3.8 Ice Magic


You had 2 spell levels left.
You knew the following spells:

 Your Spells              Type           Power        Failure   Level  Hunger
a - Freeze                Ice            ##..         4%          1    #......
b - Ozocubu's Armour      Chrm/Ice       ##......     14%         3    ###....
c - Throw Frost           Conj/Ice       ##....       12%         2    ##.....


Dungeon Overview and Level Annotations

Branches:
Dungeon (4/15)
 Temple: D:4-7

Altars:
Ru
Xom


Innate Abilities, Weirdness & Mutations

You have a pair of small antennae on your head.
You are surrounded by a mild repulsion field (EV +2).


Message History

You freeze the orc wizard.
You kill the orc wizard!
You have reached level 5!
Your demonic ancestry asserts itself...
You begin to radiate repulsive energy.
Things that are here:
a dagger; a robe; an orc corpse You butcher the orc corpse.
t - 8 chunks of flesh (gained 4)
Things that are here:
a dagger; a robe You start resting.
Eating one of 8 chunks of flesh.
This raw flesh tastes terrible.
You continue eating. x2
Some of the chunks of flesh in your inventory have rotted away.
Magic restored.
You start resting.
Some of the chunks of flesh in your inventory have rotted away.
HP restored.
Are you sure you want to abandon this character and quit the game? (Confirm with "yes".)

#################
#.........@>....########
#...####..#####.##.....#
#.....##..#####.##.###.#
#...#.##..#..........#.#
#..##........##.##.#.#.#
#..#####......#.##.....#
#..#####........####.###
#.........#.#####
#.##### ####.########.#
#.#...##


There were no monsters in sight!

Vanquished Creatures
  An orc wizard (D:3)
  Terence (D:2)
  4 adders
  A worm (D:2)
  A dart slug (D:3)
  A giant gecko (D:2)
  2 orcs
  4 bats
  6 giant cockroaches
  8 hobgoblins
  6 jackals
  A quokka (D:2)
  5 giant newts
  6 goblins
  4 kobolds
  3 rats
54 creatures vanquished.

Notes
Turn   | Place    | Note
--------------------------------------------------------------
     0 | D:1      | deorigin the Demonspawn Ice Elementalist began the quest for the Orb.
     0 | D:1      | Reached XP level 1. HP: 13/13 MP: 3/3
   495 | D:1      | Gained mutation: You have a pair of small antennae on your head. [demonic ancestry]
   495 | D:1      | Reached XP level 2. HP: 19/19 MP: 1/5
  1272 | D:2      | Reached XP level 3. HP: 18/24 MP: 2/6
  1342 | D:2      | Learned a level 3 spell: Ozocubu's Armour
  1676 | D:2      | Reached skill level 1 in Charms
  1796 | D:2      | Found a shimmering altar of Xom.
  1974 | D:2      | Noticed Terence
  1990 | D:2      | Killed Terence
  1990 | D:2      | Reached XP level 4. HP: 6/30 MP: 0/7
  2480 | D:3      | Found a faded altar to an unknown god.
  3305 | D:3      | Learned a level 2 spell: Throw Frost
  3640 | D:2      | Found a sacrificial altar of Ru.
  3709 | D:3      | Gained mutation: You are surrounded by a mild repulsion field (EV +2). [demonic ancestry]
  3709 | D:3      | Reached XP level 5. HP: 16/35 MP: 2/8
  3882 | D:3      | Quit the game

Skill      XL: |  1  2  3  4 |
---------------+-------------+-----
Dodging        | 2 |  2.0
Ice Magic      | 3 |  3.8
Charms         | 2 3 |  3.0
Stealth        | |  1.8
Spellcasting   | |  2.3
Conjurations   | |  1.0

Action                   |  1- 3 |  4- 6 || total
-------------------------+-------+-------++-------
Melee: Short sword       |    40 |    16 ||    56
 Cast: Freeze            |    55 |    35 ||    90
  Use: Potion            |     1 |       ||     1
       Scroll            |     2 |     3 ||     5
 Stab: Sleeping          |     3 |     5 ||     8
  Eat: Chunk             |     4 |     6 ||    10
Armor: Robe              |    14 |     2 ||    16
Dodge: Dodged            |    50 |    27 ||    77
